 Dungeon Crawl Stone Soup version 0.18.1-50-g88ac8fd (webtiles) character file.

235 KarmaPolice the Magician (level 6, -1/41 HPs)
             Began as a Human Wizard on Sept 21, 2016.
             Slain by a ball python (2 damage)
             ... on level 4 of the Dungeon.
             The game lasted 00:26:11 (5482 turns).

KarmaPolice the Magician (Human Wizard)             Turns: 5482, Time: 00:26:12

Health: -1/41      AC:  4    Str:  8    XL:     6   Next: 26%
Magic:  0/12       EV: 12    Int: 20    God:
Gold:   287        SH:  0    Dex: 11    Spells: 2 memorised, 10 levels left

rFire  . . .     SeeInvis .     (no weapon)
rCold  . . .     Gourm    .     a - +0 robe
rNeg   . . .     Faith    .     (no shield)
rPois  .         Spirit   .     o - +0 helmet
rElec  .         Dismiss  .     x - +0 cloak
rCorr  .         Reflect  .     (no gloves)
SustAt .         Harm     .     (no boots)
MR     .....                    (no amulet)
Stlth  ++........               (no ring)
                                (no ring)

@: lethally poisoned (-1 -> -5), not resistant to hostile enchantments,
unstealthy
A: no striking features
a: no special abilities


You were on level 4 of the Dungeon.
You were hungry.

You visited 1 branch of the dungeon, and saw 4 of its levels.

You collected 287 gold pieces.

Inventory:

Missiles
 n - 48 arrows
Armour
 a - a +0 robe (worn)
 o - a +0 helmet (worn)
 x - a +0 cloak (worn)
Jewellery
 b - an uncursed ring of poison resistance {unknown}
 e - an uncursed ring of protection from magic {unknown}
 g - a cursed amulet of inaccuracy {unknown}
 s - a +3 amulet of reflection {unknown}
Scrolls
 f - a scroll of blinking {unknown}
 h - a scroll of amnesia {unknown}
 j - a scroll of fear {unknown}
 k - a scroll of recharging {unknown}
 m - 3 scrolls of remove curse {unknown}
 q - 3 scrolls of identify {unknown}
 t - a scroll of noise {unknown}
 u - a scroll of magic mapping {unknown}
Potions
 i - a potion of haste {unknown}
 l - 2 potions of curing {unknown}
 r - 2 potions of invisibility {unknown}
 w - a potion of agility {unknown}
 z - a potion of lignification {unknown}
 A - 3 potions of flight {unknown}
Books
 c - a book of Minor Magic

   Spells                             Type                      Level
   a - Magic Dart                     Conjuration                  1
   b - Blink                          Translocation                2
   c - Call Imp                       Summoning                    2
   d - Repel Missiles                 Charms/Air                   2
   e - Slow                           Hexes                        2
   f - Conjure Flame                  Conjuration/Fire             3
   g - Mephitic Cloud                 Conjuration/Poison/Air       3
Comestibles
 d - 2 bread rations
 p - 2 meat rations


   Skills:
 - Level 2.0 Dodging
 - Level 2.0 Stealth
 + Level 4.2 Spellcasting
 + Level 3.8 Conjurations
 + Level 2.8 Summonings
   Level 1.0 Translocations


You had 10 spell levels left.
You knew the following spells:

 Your Spells              Type           Power        Failure   Level  Hunger
a - Magic Dart            Conj           ###.         2%          1    None
b - Call Imp              Summ           ###.....     10%         2    #......


Dungeon Overview and Level Annotations

Branches:
Dungeon (4/15)
 Temple: D:4-7

Altars:
Dithmenos
Xom

Annotations:
D:4 Blork the orc; Lingam's ghost, amateur DDNe


Message History

Your white imp barely misses the adder.
Found a brown potion and 8 gold pieces.
You swap places.
* * * LOW HITPOINT WARNING * * *
You feel sick.
The worker ant bites your white imp but does no damage.
The adder bites you.
* * * LOW HITPOINT WARNING * * *
Your white imp hits the worker ant.
Your white imp freezes the worker ant.
Your white imp gestures at the worker ant.
The puff of frost misses the worker ant.
Found a bread ration.
The worker ant barely misses your white imp.
Your white imp hits the worker ant but does no damage.
The adder bites you.
* * * LOW HITPOINT WARNING * * *
Your white imp hits the worker ant but does no damage.
* * * LOW HITPOINT WARNING * * *
You feel sick. The worker ant bites your white imp. The ball python bites you.
You die...

...##.......#.........
o...........#........%#
#..##.....§)#.........#
##.......o..#.........#
#######..####.........#
######...o.Oa5.......##
.........####5........#
######....>.#..S....!.#
# #......#...@S....# #
#......#.......$.#
#......#.........#
#......##.......##
##.....!###.....##
#...##### ####### #...#
#..§# #...#


You could see an ogre, a worker ant, an adder, a ball python and 2 friendly
white imps.

Vanquished Creatures
  2 adders (D:3)
  A dart slug (D:1)
  A giant gecko (D:1)
  An orc (D:4)
  A ball python (D:1)
  4 bats
  3 giant cockroaches
  4 goblins
  7 hobgoblins
  A jackal (D:1)
  5 giant newts
  5 kobolds
  8 rats
43 creatures vanquished.

Vanquished Creatures (collateral kills)
  A centaur skeleton (D:4)
  3 orc priests (D:4)
  2 orc wizards
  A worker ant (D:4)
  A hound skeleton (D:4)
  3 gnolls
  5 adders
  2 oozes
  3 worms
  2 giant geckos
  2 orcs
  A giant cockroach (D:3)
  2 hobgoblins (D:2)
  A jackal (D:1)
  A quokka (D:3)
  3 kobolds
  3 rats
36 creatures vanquished.

Grand Total: 79 creatures vanquished

Notes
Turn   | Place    | Note
--------------------------------------------------------------
     0 | D:1      | KarmaPolice the Human Wizard began the quest for the Orb.
     0 | D:1      | Reached XP level 1. HP: 13/13 MP: 4/4
   210 | D:1      | Reached XP level 2. HP: 12/19 MP: 0/6
   214 | D:1      | Learned a level 2 spell: Call Imp
   759 | D:1      | You fall through a shaft!
  1060 | D:1      | Reached XP level 3. HP: 24/24 MP: 2/7
  2162 | D:2      | Reached XP level 4. HP: 30/30 MP: 0/9
  2775 | D:2      | Found a faded altar to an unknown god.
  2792 | D:2      | Found a shimmering altar of Xom.
  3685 | D:4      | Reached XP level 5. HP: 34/35 MP: 5/10
  3759 | D:4      | Noticed Blork the orc
  4410 | D:4      | Found a shadowy altar of Dithmenos.
  4449 | D:4      | Reached skill level 4 in Spellcasting
  4451 | D:4      | Noticed Lingam's ghost (amateur DDNe)
  4465 | D:4      | Reached XP level 6. HP: 41/41 MP: 4/12
  5463 | D:4      | Noticed an ogre
  5481 | D:4      | HP: 2/41 [adder (3)]
  5482 | D:4      | Slain by a ball python

Skill      XL: |  1  2  3  4  5 |
---------------+----------------+-----
Conjurations   | 2 3 |  3.8
Summonings     | 2 |  2.8
Spellcasting   | 4 |  4.2
Dodging        | |  2.0
Stealth        | |  2.0
Translocations | |  1.0

Action                   |  1- 3 |  4- 6 || total
-------------------------+-------+-------++-------
Melee: Unarmed           |    60 |    12 ||    72
 Cast: Magic Dart        |    73 |    48 ||   121
       Call Imp          |    16 |    78 ||    94
  Eat: Chunk             |     4 |     9 ||    13
       Pizza             |       |     2 ||     2
Armor: Robe              |    23 |    12 ||    35
Dodge: Dodged            |   100 |    34 ||   134
